 Dungeon Crawl Stone Soup version 0.17.1-1-g73c8601 (webtiles) character file.

345 lasdrum the Chopper (level 6, -4/57 HPs)
             Began as a Deep Dwarf Berserker on Dec 10, 2015.
             Was a Priest of Trog.
             Slain by an iguana (10 damage)
             ... on level 4 of the Dungeon on Dec 12, 2015.
             The game lasted 00:30:39 (4119 turns).

lasdrum the Chopper (Deep Dwarf Berserker)          Turns: 4119, Time: 00:30:39

Health: -4/57      AC:  9    Str: 23    XL:     6   Next: 32%
Magic:  6/6        EV: 11    Int:  7    God:    Trog [***...]
Gold:   200        SH:  0    Dex: 12    Spells: 0 memorised, 5 levels left

rFire  . . .     SeeInvis .     f - +0 war axe
rCold  . . .     Clarity  .     B - +1 scale mail
rNeg   . . .     SustAt   .     (no shield)
rPois  .         Gourm    .     z - +0 helmet
rElec  .         Spirit   .     (no cloak)
rCorr  .         Warding  .     (no gloves)
rMut   .         Stasis   .     (no boots)
MR     .....                    (no amulet)
Stlth  ..........               (no ring)
                                q - ring of invisibility

@: non-regenerating, drained, not resistant to hostile enchantments, extremely
unstealthy
A: damage resistance, recharge devices, sense surroundings 1, slow regeneration
3
a: Device Recharging, Berserk, Trog's Hand, Burn Spellbooks, Renounce Religion,
Evoke Invisibility


You were on level 4 of the Dungeon.
You worshipped Trog.
Trog was most pleased with you.
You were hungry.

You visited 1 branch of the dungeon, and saw 4 of its levels.

You collected 200 gold pieces.

Inventory:

Hand Weapons
 a - a +0 hand axe
 f - a +0 war axe (weapon)
 i - a +3 quarterstaff of chaos
Missiles
 e - 181 stones (quivered)
 l - 68 arrows
 r - 21 silver sling bullets
 t - 40 arrows of flame
Armour
 n - a +0 ring mail
 z - a +0 helmet (worn)
 B - a +1 scale mail (worn)
Jewellery
 j - an uncursed ring of flight
 q - a ring of invisibility (left hand)
 v - an uncursed ring of protection from magic
Wands
 c - a wand of heal wounds (2)
 s - a wand of magic darts (29)
Scrolls
 m - 2 scrolls of fear
 p - a scroll of fog
 y - a scroll of amnesia
Potions
 h - a potion of flight
 k - 4 potions of curing
 o - 2 potions of haste
 u - a potion of heal wounds {unknown}
 x - a potion of mutation {unknown}
Comestibles
 b - 2 beef jerkies
 d - 2 bread rations
 g - 5 chunks of flesh


   Skills:
 * Level 3.9(3.8) Fighting
 * Level 5.0(4.8) Axes
 + Level 1.1(1.0) Throwing
 + Level 3.4(3.3) Armour
 + Level 4.0(3.9) Dodging
 + Level 1.0(0.9) Stealth


You had 5 spell levels left.
You didn't know any spells.

Dungeon Overview and Level Annotations

Branches:
Dungeon (4/15)
 Temple: D:4-7

Altars:
Qazlal
Vehumet


Innate Abilities, Weirdness & Mutations

You are resistant to damage.
You can recharge devices by infusing magical energy.
You passively map a small area around you.
You do not regenerate naturally.


Message History

The iguana bites you!
* * * LOW HITPOINT WARNING * * *
The iguana barely misses you.
You closely miss the iguana.
The iguana is lightly wounded.
The iguana barely misses you.
You barely miss the iguana.
The iguana is lightly wounded.
The iguana bites you but does no damage. x2
Your scale mail prevents you from hitting the iguana.
The iguana is lightly wounded.
The iguana barely misses you.
You closely miss the iguana.
The iguana is lightly wounded.
The iguana bites you!
* * * LOW HITPOINT WARNING * * *
You hit the iguana but do no damage.
The iguana is lightly wounded.
The iguana bites you!
You die...

####.#### ##.## #.# #.#
* #.# #.# #.### #+##
####...### ##...## ,
#........# ##.....## ,
#.####.#.# ##.......##
###.###....###.........#
.............'..@.$....+
,,
###.###....###.l.......#
, #.# #..#.# ##.......##
, #........# ##.....##
#####.#### ##...## * ,
#.# #+## * * #.# * , #.#
* * , ,


You could see an iguana.

Vanquished Creatures
  A scorpion (D:4)
  A giant frog skeleton (D:4)
  Crazy Yiuf (D:3)
  An orc wizard (D:4)
  An iguana (D:4)
  9 adders
  An ooze (D:4)
  4 worms
  2 giant geckos
  6 orcs
  5 bats
  9 giant cockroaches
  15 goblins
  7 hobgoblins
  8 jackals
  3 quokkas
  3 ball pythons
  3 giant newts
  7 kobolds
  7 rats
94 creatures vanquished.

Notes
Turn   | Place    | Note
--------------------------------------------------------------
     0 | D:1      | lasdrum the Deep Dwarf Berserker began the quest for the Orb.
     0 | D:1      | Reached XP level 1. HP: 20/20 MP: 1/1
   113 | D:1      | Reached XP level 2. HP: 16/28 MP: 2/2
   515 | D:1      | Reached ** piety under Trog
   700 | D:2      | Reached XP level 3. HP: 24/34 MP: 3/3
   985 | D:2      | Reached skill level 4 in Axes
  1080 | D:2      | Reached XP level 4. HP: 12/42 MP: 4/4
  1551 | D:2      | Reached *** piety under Trog
  2076 | D:3      | Found a radiant altar of Vehumet.
  2383 | D:3      | Found a stormy altar of Qazlal.
  2773 | D:3      | Noticed Crazy Yiuf
  2780 | D:3      | Paralysed by Crazy Yiuf for 2 turns
  2784 | D:3      | Killed Crazy Yiuf
  2784 | D:3      | Reached XP level 5. HP: 25/49 MP: 5/5
  2996 | D:4      | Upgraded the game from 0.17.0-73-gb648821 to 0.17.1-1-g73c8601
  3294 | D:4      | Reached skill level 1 in Throwing
  3451 | D:4      | Reached XP level 6. HP: 27/57 MP: 6/6
  3896 | D:4      | Reached skill level 5 in Axes
  3896 | D:4      | Reached skill level 1 in Stealth
  4119 | D:4      | Slain by an iguana

Action                   |  1- 3 |  4- 6 || total
-------------------------+-------+-------++-------
Melee: Hand axe          |   126 |       ||   126
       War axe           |    36 |   182 ||   218
Throw: Stone             |    26 |    15 ||    41
Invok: Berserk           |     1 |       ||     1
Evoke: Wand              |     1 |     2 ||     3
  Use: Scroll            |     2 |    10 ||    12
       Potion            |       |     2 ||     2
  Eat: Chunk             |       |     6 ||     6
       Meat ration       |       |     1 ||     1
